 Dungeon Crawl Stone Soup version 0.30.1-9-gdf580d7c3d (webtiles) character file.

Game seed: 1813148471280667727

191 lonewolfV2 the Shield-Bearer (level 6, -1/48 HPs)
             Began as a Formicid Fighter on Sept 27, 2023.
             Slain by a black bear (2 damage)
             ... on level 4 of the Dungeon.
             The game lasted 00:03:32 (1961 turns).

lonewolfV2 the Shield-Bearer (Formicid Fighter)     Turns: 1961, Time: 00:03:33

Health: -1/48      AC:  7    Str: 20    XL:     6   Next: 1%
Magic:  6/6        EV:  9    Int:  8    God:
Gold:   164        SH:  5    Dex: 15    Spells: 5/5 levels left

rFire   . . .        a - +0 war axe
rCold   . . .        c - +0 buckler
rNeg    . . .        b - +0 scale mail
rPois   .            (helmet unavailable)
rElec   .            (no cloak)
rCorr   .            (no gloves)
SInv    +            (no boots)
Will    .....        (no amulet) Stlth
                     (no ring)
HPRegen 0.28/turn    (no ring)
MPRegen 0.10/turn

%: no passive effects
@: no status effects
A: permanent stasis, dig shafts and tunnels, antennae 3, four strong arms
a: Dig, Shaft Self


You were on level 4 of the Dungeon.
You visited 1 branch of the dungeon, and saw 4 of its levels.

You collected 164 gold pieces.

Inventory:

Hand Weapons
 a - a +0 war axe (weapon)
Armour
 b - a +0 scale mail (worn)
 c - a +0 buckler (worn)
Potions
 d - 2 potions of might
 f - a potion of brilliance
 g - a potion of haste
 j - a potion of attraction {unknown}


   Skills:
 + Level 4.0 Fighting
 + Level 4.1 Axes
 + Level 4.3 Armour
 + Level 0.8 Dodging
 + Level 4.4 Shields


You had 5 spell levels left.
You didn't know any spells.
Your spell library contained the following spells:

 Spells                   Type           Power      Damage    Failure   Level
 Apportation              Tloc           0%         N/A       83%         1
 Necrotise                Necr           0%         1d4       83%         1
 Summon Small Mammal      Summ           0%         N/A       83%         1
 Manifold Assault         Tloc           0%         N/A       100%        4
 Storm Form               Tmut/Air       0%         N/A       100%        7
 Blink                    Tloc           Unusable   N/A       N/A         2

Dungeon Overview and Level Annotations

Branches:
Dungeon (4/15)
 Temple: D:4-7

Altars:
Makhleb


Innate Abilities, Weirdness & Mutations

You cannot be hasted, slowed, berserked, paralysed or teleported.
You can dig through walls and to a lower floor.
You have a pair of large antennae on your head. (SInv)
Your four strong arms can wield two-handed weapons with a shield.


Message History

The black bear barely misses you. The black bear claws you.
You hit the black bear.
The black bear is severely wounded.
The black bear bites you. The black bear claws you.
You block the black bear's attack.
You closely miss the black bear.
The black bear is severely wounded.
The black bear barely misses you.
The black bear claws you but does no damage.
The black bear claws you. The black bear bites you! The black bear claws you.
* * * LOW HITPOINT WARNING * * *
The black bear closely misses you. The black bear bites you.
* * * LOW HITPOINT WARNING * * *
The black bear claws you.
* * * LOW HITPOINT WARNING * * *
The black bear claws you but does no damage.
You feel much better.
The black bear bites you but does no damage.
The black bear claws you. The black bear closely misses you.
You closely miss the black bear.
The black bear is severely wounded.
The black bear barely misses you. The black bear closely misses you.
The black bear claws you. The black bear barely misses you.
You block the black bear's attack. The black bear claws you.
You slash the black bear!
The black bear is almost dead.
The black bear bites you. You block the black bear's attack.
The black bear claws you.
* * * LOW HITPOINT WARNING * * *
The black bear bites you but does no damage.
The black bear claws you but does no damage. x2
You hit the black bear but do no damage.
The black bear is almost dead.
The black bear bites you!
* * * LOW HITPOINT WARNING * * *
The black bear claws you but does no damage.
The black bear claws you.
* * * LOW HITPOINT WARNING * * *
The black bear bites you.
You die...

## #...$.# .##
#..(..+ ..# #.....+
#.## #.....# #.)##
#...^.# ##..##
##.....###+ ##..#
####..........
####.#
####.....@.....# .#
#.###..†.###.h....♣♣
.###.##..####
#.....♣~~P
...#....###
###..~~P~~
.#........# ...~~~.
...........# .......
..............
.......
#...####.......
♣~~..~~ ##.##
##....~


You could see a black bear (berserk).

Vanquished Creatures
  A jelly (D:4)
  2 orc wizards (D:3)
  4 adders
  2 worms (D:3)
  4 dart slugs
  3 orcs (D:3)
  4 bats
  7 endoplasms
  6 giant cockroaches
  6 goblins
  7 hobgoblins
  2 quokkas (D:1)
  2 ball pythons
  3 frilled lizards
  A kobold (D:2)
  3 rats
57 creatures vanquished.

Notes
Turn   | Place    | Note
-------+----------+-------------------------------------------
     0 | D:1      | lonewolfV2 the Formicid Fighter began the quest for the
                  | Orb.
     0 | D:1      | Reached XP level 1. HP: 18/18 MP: 1/1
   193 | D:1      | Reached XP level 2. HP: 23/24 MP: 2/2
   417 | D:1      | Reached XP level 3. HP: 29/29 MP: 3/3
   432 | D:1      | You fall into a shaft and drop 1 floor!
   641 | D:2      | Reached XP level 4. HP: 35/37 MP: 4/4
   679 | D:2      | Found a burning altar of Makhleb.
   710 | D:2      | Found a faded altar of an unknown god.
  1072 | D:3      | Reached XP level 5. HP: 20/42 MP: 5/5
  1885 | D:4      | Reached XP level 6. HP: 45/48 MP: 6/6
  1943 | D:4      | Noticed a black bear
  1961 | D:4      | HP: 1/48 [black bear (6)]
  1961 | D:4      | Slain by a black bear

Illustrated notes

Levels and vault maps discovered:
D:1:      dpeg_arrival_morbid_curiosity, layout_basic, serial_shops,
          nicolae_shop_bloodbath_and_beyond, dreamdust_princess_corridor
D:2:      layout_basic, basic_altar, dreamdust_ecumenical_altar_statues
D:3:      layout_basic, minmay_misc_feat_secret_circle, dreamdust_wishing_well,
          nicolae_elevator_lobby_asterisk
D:4:      layout_rooms, serial_bayou, serial_bayou_ford_a, serial_bayou_pond_c,
          serial_bayou_pond_e, serial_bayou_pond_d, eino_tiny_chamber,
          minmay_stone_trees_medium, minmay_shop_damaged,
          kennysheep_generic_room_15, uniq_sigmund

Skill      XL: |  1  2  3  4  5 |
---------------+----------------+-----
Axes           | 3 4 |  4.1
Armour         | 4 |  4.3
Fighting       | 4 |  4.0
Dodging        | |  0.8
Shields        | |  4.4

Action                     |  1- 3 |  4- 6 || total
---------------------------+-------+-------++-------
  Melee: War axe           |    64 |    85 ||   149
    Use: Scroll            |       |     7 ||     7
         Potion            |       |     1 ||     1
 Armour: Scale mail        |    48 |    65 ||   113
  Dodge: Dodged            |    29 |    68 ||    97
  Block: Buckler           |    19 |    33 ||    52
